 Dungeon Crawl Stone Soup version 0.28.0-53-g5a82cb258f (webtiles) character file.

Game seed: 9451092799302929258

9246 Cape the Fighter (level 11, -4/102 HPs)
             Began as a Minotaur Berserker on Aug 12, 2022.
             Was an Elder of Trog.
             Slain by a death yak (7 damage)
             ... on level 9 of the Dungeon.
             The game lasted 00:33:16 (8264 turns).

Cape the Fighter (Minotaur Berserker)               Turns: 8264, Time: 00:33:17

Health: -4/102     AC: 13    Str: 26    XL:     11   Next: 20%
Magic:  0/10       EV: 13    Int: 10    God:    Trog [****..]
Gold:   307        SH:  0    Dex: 12    Spells: 10/10 levels left

rFire   . . .      SeeInvis .   i - +10 morningstar "Eos" {elec, Halo rElec}
rCold   . . .      Faith    .   (no shield)
rNeg    . . .      Spirit   +   a - +2 scale mail {rPois}
rPois   +          Reflect  .   j - +1 hat {Will+}
rElec   +          Harm     .   w - +0 cloak of the Tuna {Dex+2}
rCorr   .          Rampage  .   (no gloves)
Will    +....                   (no boots)
Stlth   ..........              p - amulet of guardian spirit
HPRegen 0.27/turn               l - +6 ring of intelligence
MPRegen 0.12/turn               (no ring)

@: on berserk cooldown, flying, slowed, glowing, studying Short Blades, very
slow
A: horns 2, retaliatory headbutt
a: Renounce Religion, Berserk, Trog's Hand, Brothers in Arms


You were on level 9 of the Dungeon.
You worshipped Trog.
Trog was greatly pleased with you.
You visited 2 branches of the dungeon, and saw 10 of its levels.

You collected 542 gold pieces.
You spent 235 gold pieces at shops.

Inventory:

Hand Weapons
 i - the +10 morningstar "Eos" (weapon) {elec, Halo rElec}
   (You found it on level 3 of the Dungeon)

   It occasionally discharges a powerful burst of electricity upon striking a
   foe.
   It grants its wielder a halo, increasing accuracy against those within it.
   rElec:     It insulates you from electricity.
Missiles
 k - 18 poisoned darts (quivered)
 r - a throwing net
Armour
 a - a +2 scale mail of poison resistance (worn)
 j - a +1 hat of willpower (worn)
 w - the +0 cloak of the Tuna (worn) {Dex+2}
   (You bought it in a shop on level 5 of the Dungeon)

   Dex:       It affects your dexterity (+2).
Jewellery
 l - a +6 ring of intelligence (left hand)
 p - an amulet of guardian spirit (around neck)
Wands
 q - a wand of digging (3)
 v - a wand of charming (12)
Scrolls
 f - a scroll of enchant armour {unknown}
 g - 2 scrolls of identify
 h - a scroll of vulnerability {unknown}
 m - a scroll of noise
Potions
 b - 4 potions of mutation
 c - a potion of curing
 e - a potion of ambrosia {unknown}
 n - 3 potions of brilliance
 s - a potion of resistance
 t - a potion of magic
 x - a potion of flight
Miscellaneous
 o - a condenser vane (inert)


   Skills:
 * Level 11.4 Fighting
 - Level 4.1(7.6) Axes
 * Level 10.0(10.4) Maces & Flails
 * Level 11.1 Armour
 + Level 7.2 Dodging
 + Level 5.1 Evocations


You had 10 spell levels left.
You didn't know any spells.
Your spell library contained the following spells:

 Spells                   Type           Power      Damage    Failure   Level
 Freeze                   Ice            0%         1d3       58%         1
 Frozen Ramparts          Ice            0%         1d2       91%         3
 Hailstorm                Conj/Ice       0%         3d3       100%        4


Dungeon Overview and Level Annotations

Branches:
Dungeon (9/15)             Temple (1/1) D:5            Lair (0/6) D:9
    Orc (0/2) D:9

Altars:
Ashenzari
Cheibriados
Dithmenos
Elyvilon
Fedhas
Gozag
Kikubaaqudgha
Makhleb
Nemelex Xobeh
Okawaru
Qazlal
Ru
Sif Muna
Trog
Uskayaw
Wu Jian
Xom
Yredelemnul
Zin
The Shining One

Shops:
D:5 [


Innate Abilities, Weirdness & Mutations

You have a pair of horns on your head.
You reflexively headbutt those who attack you in melee.


Message History

The death yak is heavily wounded.
The death yak is engulfed in freezing vapours.
The death yak gores you!!
The yak is engulfed in freezing vapours.
You kill the yak!
Trog accepts your kill.
The yak is engulfed in freezing vapours.
You kill the yak!
Trog accepts your kill.
The death yak is engulfed in freezing vapours.
The death yak gores you!
* * * LOW HITPOINT WARNING * * *
The death yak is engulfed in freezing vapours.
You kill the death yak!
Trog accepts your kill.
Your Armour skill increases to level 11!
Your Evocations skill increases to level 5!
Unknown command.
Okay, then.
You feel better.
The death yak is engulfed in freezing vapours.
The death yak barely misses you.
The death yak is engulfed in freezing vapours.
The death yak gores you!!
* * * LOW HITPOINT WARNING * * *
The death yak is engulfed in freezing vapours.
The death yak gores you but does no damage.
Okay, then.
There are monsters nearby!
You feel better. The death yak gores you!
* * * LOW HITPOINT WARNING * * *
The death yak is engulfed in freezing vapours.
You kill the death yak!
Trog accepts your kill.
You can now call in reinforcements.
Your Maces & Flails skill increases to level 10!
Unknown command.
You feel very buoyant.
You fly up into the air.
The death yak barely misses you. The death yak gores you!
You die...

# + .......#.............#.. #
#.#####................#.. #
#......................'..
###########................####..
..........#.....####..##...#.....
..........#.....#####.##...#.....
.........☼#☼☼§§°#≈≈≈≈.≈≈≈≈|#.....
.........§§§§§§Y#≈##≈.≈##≈.#.....
####..#####§§§§§@≈###+###≈.######
####..###########≈≈# #≈≈...####
##)...##.........≈≈# #≈≈...#...
##....##.........≈≈# #≈≈##.#...
##....##.........≈#######≈##.#...
##....##....<....≈##≈≈≈##≈##.#...
#########....##..≈≈≈≈≈≈≈≈≈...#>..
# #....##......####'####...
#........................


You could see a death yak.

Vanquished Creatures
  Gastronok (D:8)
  6 death yaks (D:9)
  A two-headed ogre (D:8)
  A manticore (D:8)
  A troll (D:8)
  A vampire (D:8)
  2 wyverns
  4 yaks (D:9)
  A water moccasin (D:3)
  Duvessa (D:7)
  2 sky beasts
  The ghost of Peloso the Covered, an amateur MiFi (D:3)
  2 necrophages
  2 black bears
  2 ice beasts
  3 ogres
  A phantom (D:6)
  A centaur (D:9)
  A bullfrog (D:8)
  2 scorpions
  Dowan (D:7)
  3 howler monkeys (D:7)
  A bullfrog skeleton (D:5)
  2 bullfrog zombies (D:6)
  3 orc priests
  A gnoll shaman (D:6)
  3 hounds
  4 iguanas
  Terence (D:3)
  5 orc wizards
  A killer bee zombie (D:8)
  A hound skeleton (D:4)
  3 gnolls (D:6)
  8 adders
  A gnoll zombie (D:5)
  2 orc zombies (D:5)
  A shadow imp (D:6)
  A white imp (D:6)
  2 ufetubi
  An adder skeleton (D:4)
  A worm (D:2)
  2 dart slugs
  22 orcs
  3 bats
  4 bat zombies (D:4)
  5 endoplasms
  4 giant cockroaches
  3 hobgoblins
  5 jackals
  12 kobolds
  3 quokkas
  9 ball pythons
  A frilled lizard (D:3)
  4 goblins
  8 rats
167 creatures vanquished.

Vanquished Creatures (collateral kills)
  An orc (D:7)
1 creature vanquished.

Grand Total: 168 creatures vanquished

Notes
Turn   | Place    | Note
-------+----------+-------------------------------------------
     0 | D:1      | Cape the Minotaur Berserker began the quest for the Orb.
     0 | D:1      | Reached XP level 1. HP: 19/19 MP: 0/0
    92 | D:1      | Reached XP level 2. HP: 22/27 MP: 1/1
   911 | D:2      | Reached XP level 3. HP: 33/33 MP: 2/2
  1506 | D:3      | Reached ** piety under Trog
  1519 | D:3      | Found the +10 morningstar "Eos" {elec, Halo rElec}
  1533 | D:3      | Reached XP level 4. HP: 26/41 MP: 3/3
  1815 | D:3      | Found a runed translucent gate.
  1816 | D:3      | Found a runed translucent gate.
  1816 | D:3      | Found an opulent altar of Gozag.
  1817 | D:3      | Found a runed translucent gate.
  1821 | D:3      | Noticed Peloso's ghost (amateur MiFi)
  1821 | D:3      | Noticed an ice beast
  1821 | D:3      | Noticed a water moccasin
  2003 | D:3      | Noticed Terence
  2011 | D:3      | Killed Terence
  2012 | D:3      | Reached skill level 1 in Maces & Flails
  2012 | D:3      | Reached XP level 5. HP: 45/47 MP: 4/4
  2111 | D:3      | Reached skill level 5 in Fighting
  2324 | D:3      | uccidere peloso
  2324 | D:3      | ?
  2435 | D:4      | Noticed an ogre
  2441 | D:4      | Killed an ogre
  2572 | D:4      | Reached XP level 6. HP: 56/56 MP: 5/5
  2587 | D:4      | Reached skill level 5 in Armour
  2852 | D:4      | Found an ancient bone altar of Kikubaaqudgha.
  3806 | D:5      | Entered Level 5 of the Dungeon
  3809 | D:5      | Reached XP level 7. HP: 63/63 MP: 6/6
  3818 | D:5      | Found a transporter.
  3846 | D:5      | Reached skill level 1 in Evocations
  3940 | D:5      | Found a staircase to the Ecumenical Temple.
  4146 | D:5      | Found Pearoih's Armour Shop.
  4169 | D:5      | Bought the +0 cloak of the Tuna {Dex+2} for 235 gold pieces
  4192 | D:5      | Found a transporter.
  4903 | D:6      | Reached XP level 8. HP: 57/73 MP: 4/7
  5062 | D:6      | Reached *** piety under Trog
  5221 | D:6      | Reached skill level 5 in Maces & Flails
  5676 | D:7      | Noticed Duvessa
  5676 | D:7      | Noticed Dowan
  5682 | D:7      | Killed Dowan
  5683 | D:7      | Killed Duvessa
  5741 | D:7      | Found an ornate altar of the Wu Jian Council.
  5810 | D:7      | Reached skill level 5 in Dodging
  5913 | D:7      | Reached XP level 9. HP: 80/81 MP: 6/8
  6375 | Temple   | Entered the Ecumenical Temple
  6681 | D:3      | Killed Peloso's ghost
  6824 | D:8      | Noticed a manticore
  6831 | D:8      | Killed a manticore
  7326 | D:8      | Found a blossoming altar of Fedhas.
  7326 | D:8      | Noticed a troll
  7332 | D:8      | Killed a troll
  7418 | D:8      | Noticed Gastronok
  7445 | D:8      | Killed Gastronok
  7446 | D:8      | Reached XP level 10. HP: 51/93 MP: 5/9
  7582 | D:8      | Noticed a two-headed ogre
  7587 | D:8      | Killed a two-headed ogre
  7588 | D:8      | Reached skill level 10 in Fighting
  7608 | D:8      | Found a sacrificial altar of Ru.
  8078 | D:9      | Found a staircase to the Orcish Mines.
  8160 | D:9      | Noticed a death yak
  8185 | D:9      | Killed a death yak
  8186 | D:9      | Reached skill level 10 in Armour
  8192 | D:9      | Found a staircase to the Lair.
  8200 | D:9      | Noticed a death yak
  8205 | D:9      | Noticed a death yak
  8211 | D:9      | Noticed a death yak
  8211 | D:9      | Noticed a death yak
  8223 | D:9      | Killed a death yak
  8226 | D:9      | Killed a death yak
  8230 | D:9      | Killed a death yak
  8231 | D:9      | Noticed a death yak
  8232 | D:9      | Noticed a death yak
  8259 | D:9      | Reached XP level 11. HP: 52/102 MP: 5/10
  8261 | D:9      | Killed a death yak
  8262 | D:9      | Reached skill level 5 in Evocations
  8263 | D:9      | HP: 3/102 [death yak (9)]
  8263 | D:9      | Killed a death yak
  8263 | D:9      | Reached **** piety under Trog
  8264 | D:9      | Reached skill level 10 in Maces & Flails
  8264 | D:9      | Slain by a death yak

Illustrated notes

#.###.#######..####.#.....
#.#####.8∩8.##.# #.####..
#....#$$$...∩#.# #.......
#..###8..8.$8#.# #..##...
#..# #∩.._Y$.#.# #..#.##.
#..# ##.$BWS##.####..#....
#..#####+++##........#..#.
#...##.......#............
##..##...@...####.#.###...
#..#####.#### #.#.# #.##
#...)[.....# #.#.# #.#
##.#######.# #.#.###.##
#.# #.# #.#.##...# #.# #.#
#.#.#..#.. #.#
#.#####.#...###.
#.#######.#..........#..
#......................#


Turn 2324 on D:3: uccidere peloso

Levels and vault maps discovered:
D:1:      lemuel_arrival_muddy, layout_basic
D:2:      layout_basic
D:3:      layout_loops_ring, ebering_ghost_gozag, minmay_checkerbox,
          uniq_terence
D:4:      layout_layer_cave, lemuel_zombie_altar_kikubaaqudgha,
          minmay_misc_feat_room, minmay_manual_macuahuitl
D:5:      gammafunk_cloud_chamber, layout_loops_ring, temple_pool_b,
          serial_shops, nicolae_square_shop
D:6:      layout_rooms, serial_glass, glass_columns_c, glass_columns_c,
          kennysheep_boxes
D:7:      layout_basic, pdpol_wu_jian_five_deadly_venoms, minmay_door_square,
          uniq_duvessa
D:8:      layout_gridville, mainiacjoe_overflow_brackets,
          mainiacjoe_overflow_six_doors_small, uniq_gastronok
D:9:      layout_stronghold, dpeg_lair_monsters, orc_0_dummy,
          small_statue_intersection, lightli_minifort
Temple:   eino_temple_scatter_basement

Skill      XL: |  1  2  3  4  5  6  7  8  9 10 11 |
---------------+----------------------------------+-----
Fighting       | 4 5 6 7 8 9 11 | 11.4
Armour         | 3 4 5 6 7 9 10 11 | 11.1
Axes           | 4 |  4.1
Dodging        | 3 4 5 6 7 |  7.2
Maces & Flails | 1 3 4 6 8 9 10 | 10.0
Evocations     | 1 2 4 5 |  5.1

Action                   |  1- 3 |  4- 6 |  7- 9 | 10-12 || total
-------------------------+-------+-------+-------+-------++-------
Melee: Hand axe          |    87 |       |       |       ||    87
       Headbutt          |     6 |     6 |    18 |    11 ||    41
       Punch             |     2 |       |     1 |     1 ||     4
       Morningstar       |       |    61 |   103 |    30 ||   194
Throw: Dart              |       |       |     6 |     3 ||     9
Invok: Berserk           |     1 |     1 |     4 |     1 ||     7
Evoke: Condenser vane    |       |       |       |     1 ||     1
  Use: Potion            |       |       |     2 |     6 ||     8
       Scroll            |       |       |    15 |       ||    15
Armor: Animal skin       |     9 |       |       |       ||     9
       Scale mail        |    14 |     2 |    28 |    12 ||    56
       Chain mail        |       |    27 |    12 |       ||    39
Dodge: Dodged            |    59 |    33 |    56 |    18 ||   166
